 Dungeon Crawl Stone Soup version 0.30-a0-859-gf88a04b62d (webtiles) character file.

Game seed: 17151346055310133622

1374 qeuew the Ruffian (level 8, -2/118 HPs)
             Began as a Troll Berserker on Mar 6, 2023.
             Was a Priest of Trog.
             Slain by a gnoll
             ... wielding a +0 spear
             ... led by a gnoll sergeant
              (8 damage)
             ... on level 6 of the Dungeon.
             The game lasted 00:06:33 (3999 turns).

qeuew the Ruffian (Troll Berserker)                 Turns: 3999, Time: 00:06:33

Health: -2/118     AC:  5    Str: 32    XL:     8   Next: 39%
Magic:  7/7        EV: 11    Int:  3    God:    Trog [***...]
Gold:   188        SH:  0    Dex: 11    Spells: 7/7 levels left

rFire   . . .      SeeInvis .      - Unarmed
rCold   . . .      Faith    .    (no shield)
rNeg    . . .      Spirit   .    e - +1 robe {Will+}
rPois   +          Reflect  .    (helmet restricted)
rElec   .          Rampage  .    (no cloak)
rCorr   .                        (gloves unavailable)
Will    +++..                    (boots unavailable) Stlth
                                 (no amulet)
HPRegen 2.19/turn                c - ring of poison resistance
MPRegen 0.10/turn                j - +6 ring of strength

@: berserking (expiring), strong-willed, regenerating, very quick
A: large, unfitting armour, claws 3, regeneration 1, shaggy fur 1, tough skin 1
a: Renounce Religion, Berserk, Trog's Hand


You were on level 6 of the Dungeon.
You worshipped Trog.
Trog was most pleased with you.
You visited 1 branch of the dungeon, and saw 6 of its levels.

You collected 188 gold pieces.

Inventory:

Armour
 e - a +1 robe of willpower (worn)
Jewellery
 c - a ring of poison resistance (left claw)
 j - a +6 ring of strength (right claw)
Wands
 m - a wand of roots (5)
Scrolls
 a - a scroll of teleportation
 d - 2 scrolls of enchant weapon
 f - a scroll of identify
 h - a scroll of magic mapping {unknown}
Potions
 b - a potion of berserk rage
 g - a potion of haste
 i - 2 potions of curing
 k - a potion of ambrosia
 l - a potion of invisibility


   Skills:
 + Level 4.8 Fighting
 + Level 4.7 Dodging
 * Level 7.7 Unarmed Combat
 + Level 1.6 Evocations


You had 7 spell levels left.
You didn't know any spells.
Your spell library was empty.

Dungeon Overview and Level Annotations

Branches:
Dungeon (6/15)             Temple (0/1) D:5

Altars:
Gozag

Shops:
D:2 (   D:4 *


Innate Abilities, Weirdness & Mutations

You are too large for most types of armour.
You have claws for hands.
Your natural rate of healing is unusually fast.
You are covered in fur. (AC +1)
You have tough skin. (AC +1)


Message History

The gnoll hits you from afar with a +0 halberd!
The water moccasin bites you.
* * * LOW HITPOINT WARNING * * *
A red film seems to cover your vision as you go berserk!
You feel yourself moving faster!
You feel mighty!
The gnoll hits you from afar with a +0 halberd.
* * * LOW HITPOINT WARNING * * *
The water moccasin bites you.
* * * LOW HITPOINT WARNING * * *
You mangle the water moccasin!!
The water moccasin is severely wounded.
The water moccasin bites you.
* * * LOW HITPOINT WARNING * * *
The gnoll hits you from afar with a +0 halberd!
* * * LOW HITPOINT WARNING * * *
You barely miss the water moccasin.
The water moccasin is severely wounded.
The water moccasin bites you but does no damage.
You scratch the water moccasin.
The water moccasin is severely wounded.
The gnoll hits you from afar with a +0 halberd!
* * * LOW HITPOINT WARNING * * *
A gnoll comes into view. It is wielding a +0 spear.
The water moccasin barely misses you.
The gnoll shouts!
You mangle the water moccasin!!
You kill the water moccasin!
Trog accepts your kill.
The gnoll hits you from afar with a +0 spear!
* * * LOW HITPOINT WARNING * * *
The gnoll closely misses you.
You see here a water moccasin corpse.
You closely miss the gnoll. The gnoll barely misses you.
The gnoll hits you from afar with a +0 spear.
* * * LOW HITPOINT WARNING * * *
You mangle the gnoll!!
You kill the gnoll!
Trog accepts your kill. The gnoll hits you with a +0 spear!
You die...

.....##.# ....###.#
...####.####
#.##.......#
#.##.#####.# #.##.#
#.# .....# ##.##
##### #.##.#
#...#####)..##.# #.#
# #......†@g.g...#
#.#
........#####.#.####
#.# ######.## #.# #
#.# #.. ... ..# ###
#.#. ..# #.### #.#
#.#


You could see 2 gnolls.

Vanquished Creatures
  Eustachio (D:4)
  2 water moccasins (D:6)
  Duvessa (D:5)
  An ogre (D:6)
  Blork the orc (D:4)
  A gnoll sergeant (D:6)
  3 scorpions
  Dowan (D:5)
  A jelly (D:4)
  3 hounds
  2 orc priests
  Terence (D:3)
  5 orc wizards
  2 gnolls (D:6)
  4 adders
  2 white imps
  2 dart slugs (D:2)
  12 orcs
  5 ball pythons
  6 bats
  8 endoplasms
  3 giant cockroaches
  6 goblins
  5 hobgoblins
  13 jackals
  7 kobolds
  4 quokkas
  A frilled lizard (D:3)
  5 rats
  A butterfly (D:5)
109 creatures vanquished.

Notes
Turn   | Place    | Note
-------+----------+-------------------------------------------
     0 | D:1      | qeuew the Troll Berserker began the quest for the Orb.
     0 | D:1      | Reached XP level 1. HP: 22/22 MP: 0/0
   218 | D:1      | Reached XP level 2. HP: 29/29 MP: 1/1
   418 | D:1      | Found a faded altar of an unknown god.
   678 | D:1      | Reached XP level 3. HP: 33/36 MP: 2/2
   967 | D:2      | Identified the +9 ring mail of Context {rElec Int+2}
  1025 | D:2      | Reached ** piety under Trog
  1462 | D:2      | Reached skill level 4 in Unarmed Combat
  1471 | D:2      | Found Nunkyrat's Weapon Shop.
  1481 | D:2      | Identified the +7 chain mail of Vlad {rC- rCorr Stlth+}
  1697 | D:2      | Lost intelligence.
  1829 | D:3      | Noticed a scorpion
  1837 | D:3      | Killed a scorpion
  1838 | D:3      | Reached XP level 4. HP: 20/45 MP: 3/3
  2067 | D:3      | Reached XP level 5. HP: 53/53 MP: 4/4
  2345 | D:3      | Noticed Terence
  2354 | D:3      | Killed Terence
  2453 | D:4      | Noticed Eustachio
  2528 | D:4      | Killed Eustachio
  2529 | D:4      | Reached skill level 5 in Unarmed Combat
  2529 | D:4      | Reached XP level 6. HP: 61/61 MP: 5/5
  2570 | D:4      | Noticed Blork the orc
  2578 | D:4      | Killed Blork the orc
  2651 | D:4      | Found Qitsepa's Neck Hole.
  2665 | D:4      | Reached skill level 6 in Unarmed Combat
  2964 | D:4      | Reached XP level 7. HP: 56/68 MP: 6/6
  3099 | D:5      | Entered Level 5 of the Dungeon
  3237 | D:5      | Found a staircase to the Ecumenical Temple.
  3285 | D:5      | Found an opulent altar of Gozag.
  3643 | D:5      | Noticed Duvessa
  3644 | D:5      | Noticed Dowan
  3652 | D:5      | Killed Duvessa
  3665 | D:5      | Killed Dowan
  3740 | D:6      | Reached *** piety under Trog
  3796 | D:6      | Reached skill level 7 in Unarmed Combat
  3902 | D:6      | Reached skill level 1 in Evocations
  3902 | D:6      | Reached XP level 8. HP: 67/79 MP: 7/7
  3996 | D:6      | HP: 4/118 [gnoll/+0 spear[a gnoll sergeant] (8)]
  3999 | D:6      | Slain by a gnoll

Illustrated notes

Levels and vault maps discovered:
D:1:      shiori_arrival_oz, layout_basic, shapermc_ecumenical_altar_rom_forum
D:2:      layout_loops_corners, serial_shops, shop
D:3:      layout_loops_ring, uniq_terence
D:4:      layout_loops_ring, nicolae_shop_sticking_my_neck_out,
          uniq_blork_the_orc, uniq_eustachio
D:5:      layout_loops_ring, lemuel_crystal_altar,
          minmay_temple_entry_butterflies, eino_small_chamber_without_monster,
          nicolae_underground_beach, uniq_duvessa
D:6:      layout_loops_ring

Skill      XL: |  1  2  3  4  5  6  7 |
---------------+----------------------+-----
Unarmed Combat | 4 5 6 7 |  7.7
Fighting       | 3 4 |  4.8
Dodging        | 3 4 |  4.7
Evocations     | 1 |  1.6

Action                     |  1- 3 |  4- 6 |  7- 9 || total
---------------------------+-------+-------+-------++-------
  Melee: Unarmed           |   142 |    80 |    85 ||   307
         Punch             |     1 |     3 |     4 ||     8
 Invoke: Berserk           |     1 |     2 |     1 ||     4
         Trog's Hand       |       |       |     1 ||     1
    Use: Scroll            |     4 |       |     5 ||     9
         Potion            |     2 |       |     2 ||     4
   Stab: Sleeping          |     1 |     1 |       ||     2
         Distracted        |       |     1 |       ||     1
 Armour: Animal skin       |    40 |       |       ||    40
         Robe              |       |    30 |    23 ||    53
  Dodge: Dodged            |    69 |    48 |    30 ||   147

Table legend: (Time is in decaauts)
 A = Elapsed time spent in this place.
 B = Non-inter-level travel time spent in this place.
 C = Inter-level travel time spent in this place.
 D = Time resting spent in this place.
 E = Time spent auto-exploring this place.
 F = Levels seen in this place.
 G = Mean time per level.
                   A        B        C        D        E       F      G
               +--------+--------+--------+--------+--------+-----+--------+
         Total |   4160 |   4018 |    142 |     59 |   3269 |   6 |  693.3 |
       Dungeon |   4160 |   4018 |    142 |     59 |   3269 |   6 |  693.3 |
               +--------+--------+--------+--------+--------+-----+--------+

Top non-repeatable levels by time:
     D:3: 907 daAuts
     D:1: 892 daAuts
     D:2: 835 daAuts
     D:4: 638 daAuts
     D:5: 625 daAuts
     D:6: 261 daAuts
